TOP OF THE 1ST |
Chattanooga Chinpokomon batting - Pitching for Trenton Stars : RHP Gary Grimes
|
Pitching: RHP Gary Grimes
|
|
Batting: LHB Elvin Summers
|
0-0: Called Strike 0-1: Called Strike 0-2: Strikes out looking
|
Batting: RHB Ricardo Salazar
|
0-0: Foul Ball, location: 2F 0-1: Ball 1-1: Foul Ball, location: 2F 1-2: Strikes out swinging
|
Batting: RHB Chris Burrell
|
0-0: Foul Ball, location: 2F 0-1: Ball 1-1: Ball 2-1: Swinging Strike 2-2: DOUBLE (Line Drive, 9LS)
|
Batting: LHB Ramiro Muñóz
|
0-0: Ball 1-0: Ball 2-0: Called Strike 2-1: SINGLE (Groundball, 3D) Chris Burrell to third Runner from 3rd tries for Home, SAFE, no throw
|
Batting: RHB Jim Beck
|
0-0: Ball 1-0: Fly out, F4 (Line Drive, 4)
|
Top of the 1st over - 1 run, 2 hits, 0 errors, 1 left on base; Chattanooga 1 - Trenton 0 |
BOTTOM OF THE 1ST |
Trenton Stars batting - Pitching for Chattanooga Chinpokomon : LHP Glenn Fox
|
Pitching: LHP Glenn Fox
|
|
Batting: RHB Dan McKay
|
0-0: Ball 1-0: Ball 2-0: Ground out U3 (Groundball, 3)
|
Batting: LHB Pat Zimmerman
|
0-0: Foul Ball, location: 2F 0-1: Foul Ball, location: 2F 0-2: Fly out, F7 (Line Drive, 7)
|
Batting: RHB Yaichiro Sugahara
|
0-0: Foul Ball, location: 2F 0-1: Foul Ball, location: 2F 0-2: Ball 1-2: Ball 2-2: Ball 3-2: Foul Ball, location: 2F 3-2: Base on Balls
|
Batting: RHB Alfredo López
|
0-0: Ball 1-0: Ball 2-0: SINGLE (Groundball, 3D) Yaichiro Sugahara to second Runner from 2nd tries for 3rd, SAFE, no throw
|
Batting: LHB Gerardo Guzmán
|
0-0: Foul Ball, location: 2F 0-1: Ball 1-1: Foul Ball, location: 2F 1-2: Ball 2-2: Foul Ball, location: 2F 2-2: SINGLE (Groundball, 6MD) Yaichiro Sugahara scores Alfredo López to second Runner from 2nd tries for 3rd, SAFE, throw made to third
|
Batting: RHB Emílio Bruno
|
0-0: Called Strike 0-1: Ball 1-1: Foul Ball, location: 2F 1-2: Ball 2-2: Ball 3-2: Foul Ball, location: 2F 3-2: Foul Ball, location: 2F 3-2: Foul Ball, location: 2F 3-2: Base on Balls Gerardo Guzmán to second
|
Batting: SHB Ismael Sánchez
|
0-0: Called Strike 0-1: Ball 1-1: Ball 2-1: Foul Ball, location: 2F 2-2: Ball 3-2: SINGLE (Groundball, 56) (infield hit) Alfredo López scores Gerardo Guzmán to third Emílio Bruno to second
|
Batting: LHB Tom Waller
|
0-0: Called Strike 0-1: Ball 1-1: Fly out, F8 (Flyball, 8LS)
|
Bottom of the 1st over - 2 runs, 3 hits, 0 errors, 3 left on base; Chattanooga 1 - Trenton 2 |
TOP OF THE 2ND |
Chattanooga Chinpokomon batting - Pitching for Trenton Stars : RHP Gary Grimes
|
Batting: RHB Jeffrey Hicks
|
0-0: Swinging Strike 0-1: Ball 1-1: Ball 2-1: Foul Ball, location: 2F 2-2: Foul Ball, location: 2F 2-2: Ball 3-2: Base on Balls
|
Batting: RHB John Robertson
|
0-0: Foul Ball, location: 2F 0-1: Ball 1-1: Swinging Strike 1-2: Ball Jeffrey Hicks steals 2nd base 2-2: Foul Ball, location: 2F 2-2: Strikes out swinging
|
Batting: LHB Mario Cornelo
|
0-0: Ball 1-0: Foul Ball, location: 2F 1-1: Ball 2-1: Ball 3-1: Called Strike 3-2: Base on Balls
|
Batting: RHB Jesús Ramírez
|
0-0: Grounds into double play, 5-4-3 (Groundball, 56)
|
Top of the 2nd over - 0 runs, 0 hits, 0 errors, 1 left on base; Chattanooga 1 - Trenton 2 |
BOTTOM OF THE 2ND |
Trenton Stars batting - Pitching for Chattanooga Chinpokomon : LHP Glenn Fox
|
Batting: SHB António Enríquez
|
0-0: Ball 1-0: Ball 2-0: Foul Ball, location: 2F 2-1: Swinging Strike 2-2: Ball 3-2: Foul Ball, location: 2F 3-2: Base on Balls
|
Batting: RHB Dan McKay
|
0-0: Foul Ball, location: 2F 0-1: Ball 1-1: Swinging Strike 1-2: SINGLE (Line Drive, 4MD) António Enríquez to second
|
Batting: LHB Pat Zimmerman
|
0-0: Ball 1-0: Swinging Strike 1-1: SINGLE (Line Drive, 3) António Enríquez to third Dan McKay to second Runner from 3rd tries for Home, SAFE, no throw
|
Batting: RHB Yaichiro Sugahara
|
0-0: Swinging Strike 0-1: Ball 1-1: Ball 2-1: Ball 3-1: SINGLE (Line Drive, 34D) Dan McKay to third Pat Zimmerman to second
|
Batting: RHB Alfredo López
|
0-0: Swinging Strike 0-1: Ball 1-1: Swinging Strike 1-2: Ball 2-2: Strikes out looking
|
Batting: LHB Gerardo Guzmán
|
0-0: GRAND SLAM HOME RUN (Flyball, 9D), Distance : 357 ft
|
Batting: RHB Emílio Bruno
|
0-0: Swinging Strike 0-1: Ball 1-1: Ball 2-1: Ball 3-1: Foul Ball, location: 2F 3-2: Foul Ball, location: 2F 3-2: Strikes out looking
|
Batting: SHB Ismael Sánchez
|
0-0: Swinging Strike 0-1: Called Strike 0-2: Strikes out looking
|
Bottom of the 2nd over - 5 runs, 4 hits, 0 errors, 0 left on base; Chattanooga 1 - Trenton 7 |
TOP OF THE 3RD |
Chattanooga Chinpokomon batting - Pitching for Trenton Stars : RHP Gary Grimes
|
Batting: LHB Elvin Summers
|
0-0: Called Strike 0-1: Ball 1-1: Swinging Strike 1-2: SINGLE (Line Drive, 9LS)
|
Batting: RHB Ricardo Salazar
|
0-0: Grounds into double play, 4-6-3 (Groundball, 4M)
|
Batting: RHB Chris Burrell
|
0-0: Swinging Strike 0-1: Ball 1-1: Ball 2-1: Swinging Strike 2-2: Ball 3-2: Strikes out swinging
|
Top of the 3rd over - 0 runs, 1 hit, 0 errors, 0 left on base; Chattanooga 1 - Trenton 7 |
BOTTOM OF THE 3RD |
Trenton Stars batting - Pitching for Chattanooga Chinpokomon : LHP Glenn Fox
|
Batting: LHB Tom Waller
|
0-0: Called Strike 0-1: Foul Ball, location: 2F 0-2: Ball 1-2: Foul Ball, location: 2F 1-2: Strikes out swinging
|
Batting: SHB António Enríquez
|
0-0: Called Strike 0-1: Fly out, F8 (Flyball, 89D)
|
Batting: RHB Dan McKay
|
0-0: Swinging Strike 0-1: Swinging Strike 0-2: Ball 1-2: Strikes out swinging
|
Bottom of the 3rd over - 0 runs, 0 hits, 0 errors, 0 left on base; Chattanooga 1 - Trenton 7 |
TOP OF THE 4TH |
Chattanooga Chinpokomon batting - Pitching for Trenton Stars : RHP Gary Grimes
|
Batting: LHB Ramiro Muñóz
|
0-0: Ball 1-0: Fly out, F7 (Flyball, 78S)
|
Batting: RHB Jim Beck
|
0-0: Called Strike 0-1: Called Strike 0-2: Foul Ball, location: 2F 0-2: Ground out 6-3 (Groundball, 6)
|
Batting: RHB Jeffrey Hicks
|
0-0: Ball 1-0: Foul Ball, location: 2F 1-1: Foul Ball, location: 2F 1-2: Foul Ball, location: 2F 1-2: Ball 2-2: Foul Ball, location: 2F 2-2: Strikes out swinging
|
Top of the 4th over - 0 runs, 0 hits, 0 errors, 0 left on base; Chattanooga 1 - Trenton 7 |
BOTTOM OF THE 4TH |
Trenton Stars batting - Pitching for Chattanooga Chinpokomon : LHP Glenn Fox
|
Batting: LHB Pat Zimmerman
|
0-0: Ball 1-0: Ball 2-0: Ball 3-0: Called Strike 3-1: Swinging Strike 3-2: SINGLE (Line Drive, 6MD)
|
Batting: RHB Yaichiro Sugahara
|
0-0: Reached on error, E5 (Groundball, 56S) Pat Zimmerman to second
|
Batting: RHB Alfredo López
|
0-0: Called Strike 0-1: Ball 1-1: Called Strike 1-2: Fly out, F7 (Flyball, 7)
|
Batting: LHB Gerardo Guzmán
|
0-0: Fly out, F2 (Popup, 25F)
|
Batting: RHB Emílio Bruno
|
0-0: Foul Ball, location: 2F 0-1: Ground out U3 (Groundball, 34S)
|
Bottom of the 4th over - 0 runs, 1 hit, 1 error, 2 left on base; Chattanooga 1 - Trenton 7 |
TOP OF THE 5TH |
Chattanooga Chinpokomon batting - Pitching for Trenton Stars : RHP Gary Grimes
|
Batting: RHB John Robertson
|
0-0: SOLO HOME RUN (Flyball, 7D), Distance : 378 ft
|
Batting: LHB Mario Cornelo
|
0-0: Ground out 4-3 (Groundball, 4)
|
Batting: RHB Jesús Ramírez
|
0-0: Ball 1-0: Fly out, F8 (Line Drive, 8LM)
|
Batting: LHB Elvin Summers
|
0-0: Called Strike 0-1: Foul Ball, location: 2F 0-2: Foul Ball, location: 2F 0-2: Foul Ball, location: 2F 0-2: Ball 1-2: Ground out 4-3 (Groundball, 4S)
|
Top of the 5th over - 1 run, 1 hit, 0 errors, 0 left on base; Chattanooga 2 - Trenton 7 |
BOTTOM OF THE 5TH |
Trenton Stars batting - Pitching for Chattanooga Chinpokomon : LHP Glenn Fox
|
Pitching: LHP Félix García
|
|
Batting: SHB Ismael Sánchez
|
0-0: Ball 1-0: Ball 2-0: Called Strike 2-1: Foul Ball, location: 2F 2-2: Ground out 6-3 (Groundball, 6)
|
Batting: LHB Tom Waller
|
0-0: Called Strike 0-1: Ball 1-1: DOUBLE (Flyball, 8LXD)
|
Batting: SHB António Enríquez
|
0-0: Called Strike 0-1: Called Strike 0-2: Foul Ball, location: 2F 0-2: Strikes out swinging
|
Batting: RHB Dan McKay
|
0-0: SINGLE (Line Drive, 8LS) Tom Waller to third
|
Batting: LHB Pat Zimmerman
|
0-0: Foul Ball, location: 2F 0-1: SINGLE (Groundball, 34D) Tom Waller scores Dan McKay to second Runner from 2nd tries for 3rd, SAFE, no throw
|
Batting: RHB Yaichiro Sugahara
|
0-0: Ball 1-0: Ball 2-0: Called Strike 2-1: SINGLE (Groundball, 6D) Dan McKay scores Pat Zimmerman to second
|
Batting: RHB Alfredo López
|
0-0: Ball 1-0: Ball 2-0: Ball 3-0: Called Strike 3-1: Swinging Strike 3-2: Foul Ball, location: 2F 3-2: Base on Balls Pat Zimmerman to third Yaichiro Sugahara to second
|
Batting: LHB Gerardo Guzmán
|
0-0: Ball 1-0: Swinging Strike 1-1: Swinging Strike 1-2: Ball 2-2: GRAND SLAM HOME RUN (Flyball, 9LD), Distance : 326 ft
|
Batting: RHB Emílio Bruno
|
0-0: Ball 1-0: Ground out 5-3 (Groundball, 56S)
|
Bottom of the 5th over - 6 runs, 5 hits, 0 errors, 0 left on base; Chattanooga 2 - Trenton 13 |
TOP OF THE 6TH |
Chattanooga Chinpokomon batting - Pitching for Trenton Stars : RHP Gary Grimes
|
Batting: RHB Ricardo Salazar
|
0-0: Ball 1-0: SINGLE (Flyball, 9LS)
|
Batting: RHB Chris Burrell
|
0-0: Ball 1-0: DOUBLE (Flyball, 9LD) Ricardo Salazar to third
|
Batting: LHB Ramiro Muñóz
|
0-0: Ball 1-0: Ground out 4-3 (Groundball, 4M) Ricardo Salazar scores Chris Burrell to third
|
Batting: RHB Jim Beck
|
0-0: TRIPLE (Flyball, 8LXD) Chris Burrell scores
|
Batting: RHB Jeffrey Hicks
|
0-0: Ball 1-0: Swinging Strike 1-1: Called Strike 1-2: Ball 2-2: Foul Ball, location: 2F 2-2: Foul Ball, location: 2F 2-2: Foul Ball, location: 2F 2-2: Ball 3-2: Foul Ball, location: 2F 3-2: Base on Balls
|
Batting: RHB John Robertson
|
0-0: Foul Ball, location: 2F 0-1: Ball 1-1: Foul Ball, location: 2F 1-2: SINGLE (Line Drive, 4MD) Jim Beck scores Jeffrey Hicks to second
|
Batting: LHB Mario Cornelo
|
0-0: Ball 1-0: Called Strike 1-1: Swinging Strike 1-2: Strikes out swinging
|
Batting: RHB Jesús Ramírez
|
0-0: Called Strike 0-1: Ball 1-1: Ball 2-1: Foul Ball, location: 2F 2-2: Foul Ball, location: 2F 2-2: Foul Ball, location: 2F 2-2: Fly out, F7 (Flyball, 7)
|
Top of the 6th over - 3 runs, 4 hits, 0 errors, 2 left on base; Chattanooga 5 - Trenton 13 |
BOTTOM OF THE 6TH |
Trenton Stars batting - Pitching for Chattanooga Chinpokomon : LHP Félix García
|
Batting: SHB Ismael Sánchez
|
0-0: Ball 1-0: Ball 2-0: Foul Ball, location: 2F 2-1: Ball 3-1: Base on Balls
|
Batting: LHB Tom Waller
|
0-0: DOUBLE (Line Drive, 7LM) Ismael Sánchez to third Runner from 3rd tries for Home, SAFE, no throw
|
Batting: SHB António Enríquez
|
0-0: Ball 1-0: Ball 2-0: Foul Ball, location: 2F 2-1: Swinging Strike 2-2: SINGLE (Groundball, 56D) Tom Waller to third
|
Batting: RHB Dan McKay
|
0-0: Called Strike 0-1: Called Strike 0-2: Strikes out looking
|
Batting: LHB Pat Zimmerman
|
0-0: Ball 1-0: Foul Ball, location: 2F 1-1: Called Strike 1-2: Strikes out swinging
|
Batting: RHB Yaichiro Sugahara
|
0-0: Ball 1-0: Ball 2-0: Ball 3-0: Base on Balls António Enríquez to second
|
Batting: RHB Alfredo López
|
0-0: Ball 1-0: Called Strike 1-1: Ball 2-1: Swinging Strike 2-2: Ball 3-2: Foul Ball, location: 2F 3-2: Strikes out swinging
|
Bottom of the 6th over - 1 run, 2 hits, 0 errors, 3 left on base; Chattanooga 5 - Trenton 14 |
TOP OF THE 7TH |
Chattanooga Chinpokomon batting - Pitching for Trenton Stars : RHP Gary Grimes
|
Batting: LHB Elvin Summers
|
0-0: Ball 1-0: Called Strike 1-1: Ball 2-1: Foul Ball, location: 2F 2-2: Strikes out looking
|
Batting: RHB Ricardo Salazar
|
0-0: Called Strike 0-1: Ball 1-1: Foul Ball, location: 2F 1-2: Strikes out swinging
|
Batting: RHB Chris Burrell
|
0-0: Ball 1-0: Called Strike 1-1: Ball 2-1: Foul Ball, location: 2F 2-2: Ball 3-2: Foul Ball, location: 2F 3-2: Fly out, F8 (Flyball, 8RS)
|
Top of the 7th over - 0 runs, 0 hits, 0 errors, 0 left on base; Chattanooga 5 - Trenton 14 |
BOTTOM OF THE 7TH |
Trenton Stars batting - Pitching for Chattanooga Chinpokomon : LHP Félix García
|
Batting: LHB Gerardo Guzmán
|
0-0: Ball 1-0: Ball 2-0: Ball 3-0: Called Strike 3-1: Base on Balls
|
Pitching: RHP Manuel Trujillo
|
|
Batting: RHB Emílio Bruno
|
0-0: SINGLE (Flyball, 7LS) Gerardo Guzmán to second
|
Batting: SHB Ismael Sánchez
|
0-0: Ball 1-0: Ball 2-0: SINGLE (Groundball, 34D) Gerardo Guzmán to third Emílio Bruno to second Runner from 3rd tries for Home, SAFE, no throw
|
Batting: LHB Tom Waller
|
0-0: SINGLE (Groundball, 6MD) Emílio Bruno to third Ismael Sánchez to second
|
Batting: SHB António Enríquez
|
0-0: Foul Ball, location: 2F 0-1: Ball 1-1: Swinging Strike 1-2: Foul Ball, location: 2F 1-2: Ball 2-2: GRAND SLAM HOME RUN (Flyball, 9LD), Distance : 338 ft
|
Batting: RHB Dan McKay
|
0-0: Ball 1-0: Fly out, F9 (Flyball, 9)
|
Batting: LHB Pat Zimmerman
|
0-0: Called Strike 0-1: SINGLE (Groundball, 6MD)
|
Batting: RHB Yaichiro Sugahara
|
0-0: Called Strike 0-1: Ball 1-1: Foul Ball, location: 2F 1-2: Foul Ball, location: 2F 1-2: Ball 2-2: Foul Ball, location: 2F 2-2: Ball 3-2: Base on Balls Pat Zimmerman to second
|
Batting: RHB Alfredo López
|
0-0: DOUBLE (Line Drive, 89D) Pat Zimmerman scores Yaichiro Sugahara to third
|
Batting: LHB Gerardo Guzmán
|
0-0: DOUBLE (Line Drive, 78D) Yaichiro Sugahara scores Alfredo López scores
|
Batting: RHB Emílio Bruno
|
0-0: Swinging Strike 0-1: Ball 1-1: Ball 2-1: SINGLE (Line Drive, 4MD) Gerardo Guzmán to third Runner from 3rd tries for Home, SAFE, no throw
|
Batting: SHB Ismael Sánchez
|
0-0: TRIPLE (Flyball, 78XD) Emílio Bruno scores
|
Batting: LHB Tom Waller
|
0-0: Ball 1-0: Ball 2-0: Called Strike 2-1: Fly out, F9 (Flyball, 9D) Runner from 3rd tags up, SCORES, throw made
|
Batting: SHB António Enríquez
|
0-0: Ground out 4-3 (Groundball, 4)
|
Bottom of the 7th over - 11 runs, 9 hits, 0 errors, 0 left on base; Chattanooga 5 - Trenton 25 |
TOP OF THE 8TH |
Chattanooga Chinpokomon batting - Pitching for Trenton Stars : RHP Gary Grimes
|
Batting: LHB Ramiro Muñóz
|
0-0: Called Strike 0-1: Called Strike 0-2: Strikes out swinging
|
Pitching: LHP Pedro Orozco
|
|
Batting: RHB Jim Beck
|
0-0: Called Strike 0-1: Called Strike 0-2: Fly out, F9 (Flyball, 9D)
|
Batting: RHB Jeffrey Hicks
|
0-0: Ball 1-0: Called Strike 1-1: Called Strike 1-2: Strikes out swinging
|
Top of the 8th over - 0 runs, 0 hits, 0 errors, 0 left on base; Chattanooga 5 - Trenton 25 |
BOTTOM OF THE 8TH |
Trenton Stars batting - Pitching for Chattanooga Chinpokomon : RHP Manuel Trujillo
|
Batting: RHB Dan McKay
|
0-0: Foul Ball, location: 2F 0-1: Called Strike 0-2: Foul Ball, location: 2F 0-2: Strikes out swinging
|
Batting: LHB Pat Zimmerman
|
0-0: Foul Ball, location: 2F 0-1: Called Strike 0-2: SINGLE (Line Drive, 56)
|
Batting: RHB Yaichiro Sugahara
|
0-0: Foul Ball, location: 2F 0-1: Ground out 5-3 (Groundball, 56S) Pat Zimmerman to second
|
Batting: RHB Alfredo López
|
0-0: Called Strike 0-1: Ball 1-1: SINGLE (Groundball, 56D) Pat Zimmerman to third Runner from 3rd tries for Home, SAFE, no throw
|
Batting: LHB Gerardo Guzmán
|
0-0: Ball 1-0: Ball 2-0: Swinging Strike 2-1: SINGLE (Groundball, 6) (infield hit) Alfredo López to second
|
Batting: RHB Emílio Bruno
|
0-0: Ball 1-0: Ball 2-0: Foul Ball, location: 2F 2-1: Fly out, F9 (Line Drive, 9)
|
Bottom of the 8th over - 1 run, 3 hits, 0 errors, 2 left on base; Chattanooga 5 - Trenton 26 |
TOP OF THE 9TH |
Chattanooga Chinpokomon batting - Pitching for Trenton Stars : LHP Pedro Orozco
|
Batting: RHB John Robertson
|
0-0: Ball 1-0: Ball 2-0: Foul Ball, location: 2F 2-1: Ball 3-1: Called Strike 3-2: DOUBLE (Line Drive, 7LM)
|
Batting: LHB Mario Cornelo
|
0-0: Ball 1-0: Ball 2-0: Foul Ball, location: 2F 2-1: Ball 3-1: Foul Ball, location: 2F 3-2: Foul Ball, location: 2F 3-2: DOUBLE (Line Drive, 9LS) John Robertson scores
|
Batting: RHB Jesús Ramírez
|
0-0: Ball 1-0: Foul Ball, location: 2F 1-1: Fly out, F3 (Popup, 3S)
|
Batting: LHB Elvin Summers
|
0-0: Called Strike 0-1: Ground out 1-3 (Groundball, 15S)
|
Batting: RHB Ricardo Salazar
|
0-0: Called Strike 0-1: Called Strike 0-2: Ball 1-2: Ball 2-2: Foul Ball, location: 2F 2-2: Strikes out swinging
|
Top of the 9th over - 1 run, 2 hits, 0 errors, 1 left on base; Chattanooga 6 - Trenton 26 |
|